 Dungeon Crawl Stone Soup version 0.23.2-1-ga50397a6bc (webtiles) character file.

Game seed: 16990980700326111888

1204 Menchi the Shield-Bearer (level 8, -2/67 HPs)
             Began as a Gnoll Fighter on May 2, 2019.
             Slain by a sky beast (6 damage)
             ... on level 6 of the Dungeon.
             The game lasted 00:10:12 (4173 turns).

Menchi the Shield-Bearer (Gnoll Fighter)            Turns: 4173, Time: 00:10:12

Health: -2/67      AC: 13    Str: 21    XL:     8   Next: 45%
Magic:  12/12      EV: 10    Int: 10    God:
Gold:   236        SH: 11    Dex: 15    Spells: 13/13 levels left

rFire    . . .     SeeInvis .   p - +5 spear of Doom {pierce, rC+ MR+}
rCold    + . .     Gourm    .   c - +0 shield
rNeg     . . .     Faith    .   b - +1 scale mail
rPois    .         Spirit   .   (no helmet)
rElec    .         Reflect  .   e - +2 cloak
rCorr    .         Harm     .   (no gloves)
MR       +....                  a - +0 pair of boots
Stlth    +.........             (no amulet)
HPRegen  0.21/turn              (no ring)
MPRegen  0.13/turn              (no ring)

@: no status effects
A: distributed training, fangs 1, strong nose
a: no special abilities


You were on level 6 of the Dungeon.
You were hungry.

You visited 1 branch of the dungeon, and saw 6 of its levels.

You collected 236 gold pieces.

Inventory:

Hand Weapons
 p - the +5 spear of Doom (weapon) {pierce, rC+ MR+}
   (You found it on level 4 of the Dungeon)

   It inflicts extra damage upon your enemies.
   It protects you from cold.
   It affects your resistance to hostile enchantments.
Armour
 a - a +0 pair of boots (worn)
 b - a +1 scale mail (worn)
 c - a +0 shield (worn)
 e - a +2 cloak (worn)
Jewellery
 t - an uncursed ring of flight {unknown}
Wands
 g - a wand of polymorph (9)
Scrolls
 j - 5 scrolls of teleportation
 k - 2 scrolls of remove curse
 r - a scroll of fear
 s - a scroll of magic mapping
 u - 3 scrolls of summoning {unknown}
Potions
 d - 2 potions of might
 h - a potion of cancellation {unknown}
 i - 5 potions of curing
 l - a potion of flight {unknown}
 m - 4 potions of brilliance {unknown}
 n - 2 potions of resistance {unknown}
 o - a potion of heal wounds {unknown}
 q - 2 potions of agility {unknown}
Comestibles
 f - 6 rations


   Skills:
 + Level 7.3 Fighting
 + Level 3.2 Short Blades
 + Level 5.6 Long Blades
 + Level 3.2 Axes
 + Level 3.2 Maces & Flails
 + Level 3.2 Polearms
 + Level 3.2 Staves
 + Level 3.2 Slings
 + Level 3.2 Bows
 + Level 3.2 Crossbows
 + Level 3.2 Throwing
 + Level 7.3 Armour
 + Level 3.2 Dodging
 + Level 3.2 Stealth
 + Level 7.3 Shields
 + Level 3.2 Unarmed Combat
 + Level 3.2 Spellcasting
 + Level 2.6 Conjurations
 + Level 2.6 Hexes
 + Level 2.6 Charms
 + Level 2.6 Summonings
 + Level 2.6 Necromancy
 + Level 2.6 Translocations
 + Level 2.6 Transmutations
 + Level 2.6 Fire Magic
 + Level 2.6 Ice Magic
 + Level 2.6 Air Magic
 + Level 2.6 Earth Magic
 + Level 2.6 Poison Magic
 + Level 3.5 Invocations
 + Level 3.2 Evocations


You had 13 spell levels left.
You didn't know any spells.
Your spell library was empty.

Dungeon Overview and Level Annotations

Branches:
Dungeon (6/15)
 Temple: D:4-7

Altars:
Dithmenos
Elyvilon
Okawaru
Qazlal
Trog
Wu Jian

Shops:
D:5 (


Innate Abilities, Weirdness & Mutations

Your experience applies equally to all skills.
You have very sharp teeth.
Your uncanny sense of smell can sniff out nearby items.


Message History

The crimson imp is almost dead.
The crimson imp closely misses you. You block something's attack.
The sky beast hits you but does no damage.
Something hits you but does no damage.
The crimson imp hits you but does no damage.
You feel better. Something hits you but does no damage.
The sky beast closely misses you.
The crimson imp hits you but does no damage.
You barely miss the crimson imp.
The crimson imp is severely wounded.
Something hits you but does no damage. You block the sky beast's attack.
You closely miss the crimson imp.
The crimson imp is severely wounded.
The crimson imp hits you but does no damage.
Something hits you.
* * * LOW HITPOINT WARNING * * *
The sky beast hits you.
* * * LOW HITPOINT WARNING * * *
The sky beast shocks you.
You die...

∆ .. .#. .## ####.
#... ...##.#..
....# .......
....## #....##
.#.... .
#...###..>... ..
##≈Y..........
..#.@5..........
#...............
#....#........#...
#....##......^.....
..##.......)..[....
. ##....#≈........
........#........
###..............
#...............


You could see a sky beast and a crimson imp.

Vanquished Creatures
  Sigmund (D:2)
  An ice beast (D:5)
  A sky beast (D:5)
  An orc warrior (D:6)
  A phantom (D:4)
  A centaur (D:3)
  A hound (D:3)
  A centaur skeleton (D:5)
  4 orc priests
  2 orc wizards
  A gnoll shaman (D:5)
  3 worker ants
  A bullfrog skeleton (D:5)
  5 gnolls (D:5)
  9 adders
  2 adder skeletons
  3 worms
  A dart slug (D:2)
  3 leopard geckos
  10 orcs
  2 ball pythons
  6 bats
  A giant cockroach (D:1)
  10 goblins
  3 hobgoblins
  4 jackals (D:4)
  12 frilled lizards
  11 kobolds
  A leopard gecko skeleton (D:5)
  10 rats
  A plant (D:1)
113 creatures vanquished.

Vanquished Creatures (others)
  4 toadstools (D:1)
4 creatures vanquished.

Grand Total: 117 creatures vanquished

Notes
Turn   | Place    | Note
-------+----------+-------------------------------------------
     0 | D:1      | Menchi the Gnoll Fighter began the quest for the Orb.
     0 | D:1      | Reached XP level 1. HP: 23/23 MP: 1/1
    67 | D:1      | Reached XP level 2. HP: 29/29 MP: 2/2
   562 | D:1      | Reached XP level 3. HP: 26/35 MP: 3/3
   901 | D:2      | Noticed Sigmund
   930 | D:2      | Killed Sigmund
   930 | D:2      | Reached skill level 1 in Short Blades
   930 | D:2      | Reached skill level 1 in Axes
   930 | D:2      | Reached skill level 1 in Maces & Flails
   930 | D:2      | Reached skill level 1 in Polearms
   930 | D:2      | Reached skill level 1 in Staves
   930 | D:2      | Reached skill level 1 in Slings
   930 | D:2      | Reached skill level 1 in Bows
   930 | D:2      | Reached skill level 1 in Crossbows
   930 | D:2      | Reached skill level 1 in Throwing
   930 | D:2      | Reached skill level 1 in Dodging
   930 | D:2      | Reached skill level 1 in Stealth
   930 | D:2      | Reached skill level 1 in Unarmed Combat
   930 | D:2      | Reached skill level 1 in Spellcasting
   930 | D:2      | Reached skill level 1 in Conjurations
   930 | D:2      | Reached skill level 1 in Hexes
   930 | D:2      | Reached skill level 1 in Charms
   930 | D:2      | Reached skill level 1 in Summonings
   930 | D:2      | Reached skill level 1 in Necromancy
   930 | D:2      | Reached skill level 1 in Translocations
   930 | D:2      | Reached skill level 1 in Transmutations
   930 | D:2      | Reached skill level 1 in Fire Magic
   930 | D:2      | Reached skill level 1 in Ice Magic
   930 | D:2      | Reached skill level 1 in Air Magic
   930 | D:2      | Reached skill level 1 in Earth Magic
   930 | D:2      | Reached skill level 1 in Poison Magic
   930 | D:2      | Reached skill level 1 in Invocations
   930 | D:2      | Reached skill level 1 in Evocations
   930 | D:2      | Reached XP level 4. HP: 37/41 MP: 3/6
   930 | D:2      | Reached XP level 5. HP: 43/47 MP: 3/7
  1183 | D:2      | Reached XP level 6. HP: 37/53 MP: 8/8
  1265 | D:2      | Found a shadowy altar of Dithmenos.
  1338 | D:2      | Found an ornate altar of the Wu Jian Council.
  1372 | D:2      | Found a white marble altar of Elyvilon.
  1550 | D:2      | Found a stormy altar of Qazlal.
  1557 | D:2      | Found a bloodstained altar of Trog.
  1640 | D:3      | Reached skill level 5 in Long Blades
  2522 | D:4      | Got a transparent spear
  2584 | D:3      | Reached XP level 7. HP: 44/59 MP: 10/10
  2763 | D:4      | Found an iron altar of Okawaru.
  2820 | D:4      | Identified the +5 spear of Doom {pierce, rC+ MR+} (You
                  | found it on level 4 of the Dungeon)
  3369 | D:5      | Entered Level 5 of the Dungeon
  3550 | D:5      | Reached XP level 8. HP: 28/67 MP: 12/12
  3995 | D:5      | Found Legetzai's Antique Weapon Emporium.
  4169 | D:6      | HP: 3/67 [something (5)]
  4173 | D:6      | Slain by a sky beast

Skill      XL: |  1  2  3  4  5  6  7  8 |
---------------+-------------------------+-----
Short Blades   | 1 2 3 |  3.2
Axes           | 1 2 3 |  3.2
Maces & Flails | 1 2 3 |  3.2
Polearms       | 1 2 3 |  3.2
Staves         | 1 2 3 |  3.2
Slings         | 1 2 3 |  3.2
Bows           | 1 2 3 |  3.2
Crossbows      | 1 2 3 |  3.2
Throwing       | 1 2 3 |  3.2
Dodging        | 1 2 3 |  3.2
Stealth        | 1 2 3 |  3.2
Unarmed Combat | 1 2 3 |  3.2
Spellcasting   | 1 2 3 |  3.2
Conjurations   | 1 2 |  2.6
Hexes          | 1 2 |  2.6
Charms         | 1 2 |  2.6
Summonings     | 1 2 |  2.6
Necromancy     | 1 2 |  2.6
Translocations | 1 2 |  2.6
Transmutations | 1 2 |  2.6
Fire Magic     | 1 2 |  2.6
Ice Magic      | 1 2 |  2.6
Air Magic      | 1 2 |  2.6
Earth Magic    | 1 2 |  2.6
Poison Magic   | 1 2 |  2.6
Invocations    | 1 2 3 |  3.5
Evocations     | 1 2 3 |  3.2
Long Blades    | 5 |  5.6
Fighting       | 7 |  7.3
Armour         | 7 |  7.3
Shields        | 7 |  7.3

Action                   |  1- 3 |  4- 6 |  7- 9 || total
-------------------------+-------+-------+-------++-------
Melee: Long sword        |    19 |       |       ||    19
       Bite              |    19 |    29 |    31 ||    79
       Spear             |   111 |   289 |   250 ||   650
       Unarmed           |     8 |       |       ||     8
  Use: Scroll            |     4 |     5 |     3 ||    12
       Potion            |       |       |     1 ||     1
 Stab: Confused          |     2 |       |       ||     2
  Eat: Chunk             |       |     5 |     6 ||    11
Armor: Scale mail        |    40 |    92 |   101 ||   233
Dodge: Dodged            |    32 |   108 |    52 ||   192
Block: Shield            |    57 |   165 |   133 ||   355
       Rpst.: Long sword |     1 |       |       ||     1
